 Dungeon Crawl Stone Soup version 0.25-a0-589-g1e14c54 (webtiles) character file.

Game seed: 7258531009026151518, levelgen mode: deterministic

51 Auros the Digger (level 3, -7/19 HPs)
             Began as a Gargoyle Earth Elementalist on Mar 11, 2020.
             Mangled by a worm (9 damage)
             ... on level 2 of the Dungeon.
             The game lasted 00:15:27 (2663 turns).

Auros the Digger (Gargoyle Earth Elementalist)      Turns: 2663, Time: 00:15:27

Health: -7/19      AC:  5    Str: 11    XL:     3   Next: 81%
Magic:  6/6        EV: 12    Int: 16    God:
Gold:   51         SH:  0    Dex: 10    Spells: 3/6 levels left

rFire    . . .     SeeInvis .   m - +0 club
rCold    . . .     Gourm    .   (no shield)
rNeg     + . .     Faith    +   e - +0 robe
rPois    ∞         Spirit   .   (no helmet)
rElec    +         Reflect  .   (no cloak)
rCorr    .         Harm     .   (no gloves)
MR       .....                  (no boots)
Stlth    ++........             b - amulet of faith
HPRegen  0.06/turn              (no ring)
MPRegen  0.10/turn              (no ring)

@: no status effects
A: negative energy resistance 1, electricity resistance, unbreathing,
petrification resistance, rot immunity, AC +3
a: no special abilities


You were on level 2 of the Dungeon.
You were hungry.

You visited 1 branch of the dungeon, and saw 2 of its levels.

You collected 51 gold pieces.

Inventory:

Hand Weapons
 m - a +0 club (weapon)
Missiles
 g - 19 poisoned darts
 j - 37 sling bullets
 k - 3 datura-tipped darts (quivered)
 o - 8 arrows
 Z - 114 stones
Armour
 e - a +0 robe (worn)
Jewellery
 b - an amulet of faith (around neck)
Scrolls
 c - 7 scrolls of remove curse
 f - a scroll of enchant armour {unknown}
 i - 3 scrolls of identify
 l - a scroll of random uselessness {unknown}
Potions
 d - a potion of heal wounds
 h - 4 potions of curing {unknown}
 n - a potion of brilliance {unknown}
Comestibles
 a - 4 chunks of flesh
 z - 9 rations


   Skills:
 + Level 1.0 Maces & Flails
 - Level 1.5 Dodging
 - Level 2.1 Stealth
 - Level 0.5 Unarmed Combat
 - Level 2.0 Spellcasting
 - Level 0.7 Transmutations
 + Level 5.2 Earth Magic


You had 3 spell levels left.
You knew the following spells:

 Your Spells              Type           Power        Failure   Level  Hunger
a - Sandblast             Erth           ###...       2%          1    #......
b - Passwall              Tmut/Erth      ##......     10%         2    ###....

Your spell library contained the following spells:

 Spells                   Type           Power        Failure   Level  Hunger
 Stone Arrow              Conj/Erth      ##....       22%         3    ###....
 Petrify                  Tmut/Erth      ##......     52%         4    #####..
 Lee's Rapid Deconstruct  Erth           ###.......   54%         5    ######.


Dungeon Overview and Level Annotations

Branches:
Dungeon (2/15)

Altars:


Innate Abilities, Weirdness & Mutations

You are resistant to torment.
Your stone body is resilient. (AC +3)
You are immune to poison.
You resist negative energy. (rN+)
You are resistant to electric shocks. (rElec)
You can survive without breathing.
You are immune to petrification.
You are immune to rotting.


Message History

You hit the worm.
The worm is lightly wounded.
You barely miss the worm.
The worm is lightly wounded.
The worm bites you!
* * * LOW HITPOINT WARNING * * *
You hit the worm.
The worm is lightly wounded.
The worm bites you!
* * * LOW HITPOINT WARNING * * *
You hit the worm.
The worm is moderately wounded.
You are feeling hungry.
The worm closely misses you.
You hit the worm.
The worm is moderately wounded.
You hit the worm but do no damage.
The worm is moderately wounded.
The worm bites you!
You die...

##........#.###.#
.....###..#.....#
..........#######
####.###..#
####..##..#
..###.##..#
#.###.....#########
#.#...............#
#.#......########@#
.........# #w#
#........# #.#
<........# #.#
####.##..# #.#
......#..# #.#
#######÷.# #.# #
####..# #.# #
#.....########.#


You could see a worm.

Vanquished Creatures
  2 adders (D:2)
  A dart slug (D:2)
  A worm (D:2)
  6 bats
  2 goblins
  6 hobgoblins (D:2)
  A quokka (D:2)
  A ball python (D:2)
  A frilled lizard (D:2)
  4 kobolds
  6 rats
31 creatures vanquished.

Notes
Turn   | Place    | Note
-------+----------+-------------------------------------------
     0 | D:1      | Auros the Gargoyle Earth Elementalist began the quest for
                  | the Orb.
     0 | D:1      | Reached XP level 1. HP: 10/10 MP: 3/3
   230 | D:1      | Reached skill level 4 in Earth Magic
   334 | D:1      | Reached XP level 2. HP: 15/15 MP: 5/5
   878 | D:1      | Learned a level 2 spell: Passwall
  1405 | D:2      | Reached XP level 3. HP: 19/19 MP: 2/6
  1555 | D:2      | Reached skill level 5 in Earth Magic
  2457 | D:2      | Reached skill level 1 in Maces & Flails
  2663 | D:2      | Mangled by a worm

Levels and vault maps discovered:
D:1:      onia_arrival_mini_maze_b, layout_basic
D:2:      layout_basic, hangedman_decor_push, grunt_ministairs_14,
          dk_noncrumbling_2

Skill      XL: |  1  2  3 |
---------------+----------+-----
Earth Magic    | 4 5 |  5.2
Maces & Flails | 1 |  1.0
Dodging        | |  1.5
Stealth        | |  2.1
Unarmed Combat | |  0.5
Spellcasting   | |  2.0
Transmutations | |  0.7

Action                   || total
-------------------------++-------
Melee: Unarmed           ||   167
       Club              ||   107
 Cast: Sandblast         ||     9
       Passwall          ||     5
  Use: Scroll            ||     2
 Stab: Sleeping          ||     7
  Eat: Chunk             ||     6
Armor: Robe              ||   106
Dodge: Dodged            ||   213

Table legend:
 A = Non-vault XP
 B = Vault XP
 C = Vault XP percentage of total XP
 D = Non-vault monster count
 E = Vault monster count
 F = Vault count percentage of total count
                 A         B        C        D         E       F
            +---------+---------+-------+---------+---------+-------
      Total |      56 |      17 |  23.3 |      29 |       2 |   6.5
            +---------+---------+-------+---------+---------+-------
        D:1 |      14 |       0 |   0.0 |      11 |       0 |   0.0
        D:2 |      42 |      17 |  28.8 |      18 |       2 |  10.0
            +---------+---------+-------+---------+---------+-------
